AoeStats
← Silentkill921

Arena

508587722Analyzed
2v2 RM · 10d ago on Sep 23, 2026· 66m 21s· 4 players
Game mode
Random Map
Map size
Medium (4 player)
Population
200
Speed
Normal
Resources
Standard
Victory
Conquest
Starting age
Dark Age
Ending age
Imperial Age
RankedLock teamsTeams togetherTeam positionsShared explorationLock speedFull tech treeHidden civsTurbo modeCheats
Victory
Defeat
🇨🇳 Chinese · China
768
+17
🇨🇳 Khmer · China
755
+18
🇺🇸 Bulgarians · United States
814
-44
🇮🇳 Khmer · India
775
-17
pussy noodles
12:12 Feudal Age
17:28 Castle Age
16:34 Double-Bit Axe
16:31 Horse Collar
21:28 Fortified Wall
23:47 Stone Mining
23:47 Gold Mining
26:12 Heavy Plow
26:23 Bow Saw
26:56 Town Watch
28:14 Stone Shaft Mining
28:14 Gold Shaft Mining
29:12 Loom
30:03 Wheelbarrow
29:28 Town Patrol
33:05 Imperial Age
30:20 Light Cavalry
31:11 Bloodlines
31:01 Husbandry
31:11 Scale Barding Armor
31:16 Forging
31:11 Scale Barding Armor
31:16 Forging
31:24 Forging
31:46 Hand Cart
32:29 Gold Shaft Mining
32:45 Husbandry
34:43 Iron Casting
34:28 Chain Barding Armor
34:23 Masonry
34:34 Ballistics
34:42 Conscription
34:26 Double Crossbow
35:03 Crop Rotation
34:51 Onager
34:55 Hussar
37:19 Blast Furnace
36:54 Plate Barding Armor
36:12 Capped Ram
36:26 Elite Ballista Elephant
38:21 Siege Ram
39:40 Hoardings
41:51 Chemistry
41:26 Architecture
40:53 Murder Holes
44:49 Siege Engineers
Silentkill921
12:15 Feudal Age
12:41 Double-Bit Axe
13:50 Wheelbarrow
13:08 Horse Collar
20:27 Castle Age
19:49 Scale Barding Armor
19:58 Forging
19:42 Fletching
22:03 Bow Saw
21:55 Heavy Plow
22:17 Hand Cart
23:59 Gold Mining
26:12 Gold Shaft Mining
25:31 Stone Mining
26:31 Thumb Ring
31:26 Imperial Age
32:52 Heavy Cavalry Archer
36:47 Onager
44:03 Siege Onager
51:11 Pikeman
51:51 Halberdier
54:05 Caravan
54:43 Coinage
57:37 Parthian Tactics
Charlson
12:57 Feudal Age
13:55 Double-Bit Axe
13:52 Horse Collar
16:16 Castle Age
16:05 Gold Mining
16:05 Stone Mining
18:09 Bow Saw
19:13 Gold Shaft Mining
23:31 Wheelbarrow
26:38 Heavy Plow
31:34 Imperial Age
32:56 Stone Shaft Mining
33:00 Scale Barding Armor
33:06 Forging
34:06 Double Crossbow
35:40 Hand Cart
34:48 Elite Ballista Elephant
36:22 Ballistics
37:23 Chemistry
36:09 Heavy Scorpion
36:13 Light Cavalry
37:04 Bloodlines
36:54 Husbandry
37:26 Tusk Swords
37:49 Conscription
38:16 Elite Battle Elephant
40:49 Chain Barding Armor
41:05 Iron Casting
40:42 Masonry
40:23 Heated Shot
41:12 Hoardings
40:07 Sappers
45:39 Hussar
49:57 Crop Rotation
50:05 Plate Barding Armor
50:30 Blast Furnace
49:31 Padded Archer Armor
49:32 Scale Mail Armor
50:05 Architecture
51:42 Fletching
黑哨哥
0:28 Loom
9:57 Feudal Age
17:45 Castle Age
16:52 Horse Collar
17:28 Double-Bit Axe
18:54 Stone Mining
24:27 Gold Mining
25:40 Bow Saw
25:57 Squires
25:18 Man-at-Arms
29:09 Wheelbarrow
30:14 Elite Skirmisher
30:14 Crossbowman
31:00 Thumb Ring
32:04 Husbandry
31:25 Light Cavalry
33:23 Ballistics
32:59 Murder Holes
33:43 Hand Cart
34:01 Bloodlines
34:05 Town Watch
35:14 Town Patrol
35:21 Devotion
35:16 Herbal Medicine
35:22 Atonement
35:32 Fervor
35:43 Sanctity
36:00 Masonry
38:41 Imperial Age
38:15 Forging
37:55 Fletching
38:05 Padded Archer Armor
38:06 Scale Mail Armor
38:11 Scale Barding Armor
37:43 Pikeman
37:43 Man-at-Arms
38:08 Arson
40:04 Architecture
38:57 Elite Chu Ko Nu
39:58 Conscription
39:41 Great Wall
40:22 Iron Casting
39:42 Bodkin Arrow
39:27 Heavy Scorpion
39:28 Capped Ram
40:48 Leather Archer Armor
41:10 Gold Shaft Mining
41:11 Stone Shaft Mining
40:40 Heavy Plow
40:20 Halberdier
42:59 Cavalier
43:03 Elite Fire Lancer
46:22 Chemistry
46:29 Two-Man Saw
45:24 Long Swordsman
45:27 Siege Ram
51:16 Rocketry
53:46 Bracer
54:16 Ring Archer Armor
54:01 Chain Mail Armor
54:47 Blast Furnace
54:08 Chain Barding Armor
55:40 Caravan
56:10 Coinage
59:23 Banking
60:52 Heavy Rocket Cart
Connection lost

Rejoining the realm…

Still unreachable

The connection could not be restored.

Session expired

The server has moved on; the page needs a fresh start.